Map: New Repugnancy LE

Players

IIIIIIIIIIII - Winner!

  • Race: Terran Terran
  • League: Master
  • Spawn Location: 1:00

Mez

  • Race: Terran Terran
  • League: Master
  • Spawn Location: 7:00

VOD

Have the link to the VOD?

Description

Time

  • Played on: Aug. 5, 2019, 8:29 a.m.
  • Length: 7:25
Show
View Real Time Build Order
Export as new Build Order

IIIIIIIIIIII Terran - Winner!

Build Orders: 1/1/1 

Get SALT Encoding   

  12  0:00  SCV  
  13  0:12  SCV  
  14  0:17  Supply Depot  
  14  0:25  SCV  
  15  0:30  Refinery  
  15  0:38  SCV  
  16  0:48  Barracks  
  16  0:52  SCV  
  17  1:01  Refinery  
  17  1:05  SCV  
  18  1:17  SCV  
  19  1:29  SCV  
  20  1:34  Marine  
  20  1:36  Factory  
  21  1:41  SCV  
  22  1:49  Supply Depot  
  22  1:53  SCV  
  23  2:09  Orbital Command  
  23  2:10  Marine  
  24  2:23  Factory Tech Lab  
  24  2:24  Starport  
  24  2:29  Marine  
  24  2:45  SCV  
  24  2:47  Marine  
  24  2:49  Supply Depot  
  24  2:50  Siege Tank  
  29  3:01  Starport Reactor  
  29  3:03  SCV  
  29  3:05  Marine  
  31  3:14  Supply Depot  
  31  3:15  SCV  
  32  3:22  Marine  
  32  3:23  Siege Tank  
  37  3:37  Viking  
  37  3:39  Supply Depot  
  37  3:40  Viking  
  40  3:45  SCV  
  41  3:55  Widow Mine  
  43  4:02  SCV  
  44  4:03  Marine  
  44  4:06  Engineering Bay  
  45  4:17  Viking x2  
  49  4:26  Siege Tank  
  52  4:39  Missile Turret  
  52  4:58  Viking  
  52  4:59  Viking  
  54  5:04  Supply Depot  
  54  5:14  Siege Tank  
  43  5:37  Viking x2  
  47  5:46  SCV  
  48  5:58  SCV  
  48  6:00  Siege Tank  
  52  6:13  Viking  
  54  6:19  Command Center  
  52  6:53  Siege Tank  
Show
View Real Time Build Order
Export as new Build Order

Mez Terran 

Build Orders: Cyclone Opening 

Get SALT Encoding   

  12  0:01  SCV  
  13  0:13  SCV  
  14  0:18  Supply Depot  
  14  0:25  SCV  
  15  0:39  SCV  
  15  0:41  Barracks  
  16  0:44  Refinery  
  16  0:52  SCV  
  16  0:55  Refinery  
  17  1:04  SCV  
  18  1:16  SCV  
  19  1:30  Reaper, Orbital Command  
  20  1:45  Factory  
  20  1:53  Supply Depot  
  20  1:55  SCV  
  21  2:02  Reaper  
  21  2:07  SCV  
  23  2:20  SCV  
  24  2:33  Factory Tech Lab  
  24  2:41  SCV  
  24  2:42  Barracks Reactor  
  25  2:48  Command Center  
  25  2:55  Cyclone, Supply Depot  
  28  2:59  SCV  
  29  3:05  Starport  
  29  3:11  SCV  
  30  3:20  Marine, Supply Depot  
  30  3:21  Marine  
  32  3:29  Cyclone  
  32  3:30  SCV  
  36  3:38  Marine  
  36  3:39  Marine  
  38  3:44  Starport Tech Lab  
  38  3:48  SCV  
  39  3:59  Marine x2  
  39  4:02  Orbital Command  
  41  4:04  SCV  
  41  4:06  Raven  
  41  4:09  Siege Tank  
  47  4:16  SCV  
  48  4:20  Supply Depot  
  48  4:22  Marine x2  
  50  4:28  SCV  
  51  4:32  SCV  
  52  4:40  SCV, Marine  
  52  4:45  Marine  
  50  5:04  Raven  
  52  5:19  Marine  
  48  5:21  SCV x2  
  48  5:23  Factory Tech Lab  
  37  5:41  Marine  
  37  5:42  Siege Tank  
  40  5:46  SCV  
  40  5:47  SCV  
  40  5:49  Raven  
  44  5:54  Barracks  
  44  5:55  Command Center  
  43  5:57  Barracks  
  43  6:00  SCV x2  
  39  6:14  Barracks  
  39  6:16  Barracks  
  39  6:18  Siege Tank  
  39  6:20  Refinery  
  39  6:21  SCV x2  
  44  6:25  Barracks Reactor  
  44  6:33  SCV  
  40  6:50  Marine x2  
Tags
 
Add a new tag
Caveats
  • Supply blocks, unpowered buildings, or Contaminate may cause inaccurate times.
  • Supply counts are checked every 10 seconds.